 Dungeon Crawl Stone Soup version 0.29.1-2-gbd0b4ee654 (webtiles) character file.

Game seed: 17867164058583201805

2045 Avanven the Skirmisher (level 9, -1/62 HPs)
             Began as a Gnoll Hunter on Nov 4, 2022.
             Was a Follower of Hepliaklqana.
             Slain by a troll (6 damage)
             ... on level 8 of the Dungeon.
             The game lasted 00:18:28 (7821 turns).

Avanven the Skirmisher (Gnoll Hunter)               Turns: 7821, Time: 00:18:29

Health: -1/62      AC:  8    Str: 10    XL:     9   Next: 24%
Magic:  15/15      EV: 16    Int:  8    God:    Hepliaklqana [*.....]
Gold:   1188       SH:  0    Dex: 25    Spells: 16/16 levels left

rFire   . . .      SeeInvis .   a - +0 shortbow
rCold   . . .      Faith    .   (shield currently unavailable)
rNeg    . . .      Spirit   .   c - +0 leather armour
rPois   .          Reflect  .   (no helmet)
rElec   .          Harm     .   (no cloak)
rCorr   .          Rampage  .   g - +1 pair of gloves {Stlth+}
Will    +....      Clarity  +   i - +2 pair of boots
Stlth   ++++......              (no amulet)
HPRegen 0.20/turn               k - ring of willpower
MPRegen 0.14/turn               u - +6 ring of dexterity

@: no status effects
A: reduced essence, fangs 1, strong nose, distributed training, clarity, weak 1,
wild magic 1
a: Renounce Religion, Recall Ancestor, Ancestor Identity


You were on level 8 of the Dungeon.
You worshipped Hepliaklqana.
Hepliaklqana was aware of your devotion.
You visited 2 branches of the dungeon, and saw 9 of its levels.
You also visited: Sewer.

You collected 1244 gold pieces.
You spent 56 gold pieces at shops.

Inventory:

Hand Weapons
 a - a +0 shortbow (weapon)
 x - the +4 flail of Blue Eternal Vigilance {antimagic, Int+6}
   (You found it on level 8 of the Dungeon)

   It reduces the magical energy of the wielder, and disrupts the spells and
   magical abilities of those it strikes.
   Natural abilities and divine invocations are not affected.
   Int:       It affects your intelligence (+6).
Armour
 c - a +0 leather armour (worn)
 g - a +1 pair of gloves of stealth (worn)
 i - a +2 pair of boots (worn)
Jewellery
 k - a ring of willpower (left hand)
 u - a +6 ring of dexterity (right hand)
 v - an amulet of faith
Wands
 h - a wand of charming (4)
 q - a wand of flame (29)
Scrolls
 b - 2 scrolls of immolation
 l - 3 scrolls of amnesia
 t - a scroll of identify
 w - a scroll of teleportation
Potions
 d - a potion of curing
 e - 2 potions of berserk rage
 f - 3 potions of brilliance
 j - 2 potions of ambrosia {unknown}
 m - 2 potions of magic {unknown}
 n - 2 potions of lignification {unknown}
 o - a potion of invisibility {unknown}
 p - 2 potions of cancellation {unknown}
 r - a potion of heal wounds {unknown}
 s - 2 potions of attraction {unknown}
 z - a potion of might {unknown}


   Skills:
 + Level 6.3 Fighting
 + Level 4.2 Short Blades
 + Level 4.2 Long Blades
 + Level 4.2 Axes
 + Level 4.2 Maces & Flails
 + Level 4.2 Polearms
 + Level 4.2 Staves
 + Level 9.5 Ranged Weapons
 + Level 4.2 Throwing
 + Level 4.2 Armour
 + Level 6.3 Dodging
 + Level 4.9 Stealth
 + Level 4.2 Shields
 + Level 4.2 Unarmed Combat
 + Level 4.2 Spellcasting
 + Level 3.4 Conjurations
 + Level 3.4 Hexes
 + Level 3.4 Summonings
 + Level 3.4 Necromancy
 + Level 3.4 Translocations
 + Level 3.4 Transmutations
 + Level 3.4 Fire Magic
 + Level 3.4 Ice Magic
 + Level 3.4 Air Magic
 + Level 3.4 Earth Magic
 + Level 3.4 Poison Magic
 + Level 4.6 Invocations
 + Level 4.2 Evocations


You had 16 spell levels left.
You didn't know any spells.
Your spell library contained the following spells:

 Spells                   Type           Power      Damage    Failure   Level
 Necrotise                Necr           36%        1d5       13%         1
 Ensorcelled Hibernation  Hex/Ice        18%        N/A       21%         2
 Passwall                 Tmut/Erth      7%         N/A       21%         2
 Swiftness                Air            9%         N/A       34%         3
 Vampiric Draining        Necr           9%         2d6       34%         3
 Agony                    Necr           9%         N/A       96%         5


Dungeon Overview and Level Annotations

Branches:
Dungeon (8/15)             Temple (1/1) D:5           Sewer (visited)
   Lair: D:8-11

Altars:
Ashenzari
Cheibriados
Dithmenos
Elyvilon
Fedhas
Gozag
Hepliaklqana
Kikubaaqudgha
Makhleb
Nemelex Xobeh
Okawaru
Qazlal
Ru
Sif Muna
Trog
Uskayaw
Vehumet
Wu Jian
Xom
Zin
The Shining One

Shops:
D:6 ?   D:7 [

Annotations:
D:5 2 transporters, KamiKatze's ghost, novice DECj


Innate Abilities, Weirdness & Mutations

Your life essence is reduced to manifest your ancestor. (-10% HP)
You have very sharp teeth.
Your uncanny sense of smell can sniff out nearby items.
Your experience applies equally to all skills.
You possess an exceptional clarity of mind.
You are weak. (Str -2)
Your spells are a little harder to cast, but a little more powerful.


Message History

There is an escape hatch in the ceiling here.
You now have 1188 gold pieces (gained 17).
A troll comes into view.
You shoot an arrow. The arrow completely misses the troll.
The troll shouts!
You shoot an arrow. The arrow hits the troll.
The troll is lightly wounded.
You shoot an arrow.
The arrow hits the troll but does no damage.
The troll is lightly wounded.
Benio misses the troll.
You shoot an arrow. The arrow hits the troll!
The troll is moderately wounded.
The troll bites you but does no damage. The troll claws you.
The troll claws you but does no damage.
Benio hits the troll.
The troll bites you! The troll barely misses you.
The troll completely misses you.
You shoot an arrow. The arrow hits the troll.
The troll is heavily wounded.
Benio barely misses the troll.
The troll bites you. The troll claws you! The troll barely misses you.
You shoot an arrow. The arrow hits the troll.
The troll is heavily wounded.
Benio hits the troll.
The troll bites you but does no damage. The troll barely misses you. x2
You shoot an arrow. The arrow closely misses the troll.
Benio hits the troll.
The troll bites you! The troll claws you but does no damage.
The troll completely misses you.
You are too injured to fight recklessly!
A troll is nearby!
You are too injured to fight recklessly!
The troll attacks as you move away! The troll misses you. The troll claws you.
* * * LOW HITPOINT WARNING * * *
The troll barely misses you.
Benio hits the troll.
Benio barely misses the troll.
The troll attacks as you move away! The troll barely misses you. x3
The troll attacks as you move away! The troll bites you!
* * * LOW HITPOINT WARNING * * *
The troll claws you.
You die...

..........##..
........#..#######
........##.......###
........#...#......#
....###...##..###..#
...####...##.#..#..#
....##.......##....#
.............#.....#
.............#>T@<.#
.............#.##..#
........(....R.##..#
..................##
.....#......###.###
.....#.....# ###
.... ...#.# .. .. #.
# .


You could see the friendly Benio the ancestor and a troll (ally target).

Vanquished Creatures
  Sigmund (D:6)
  A water moccasin (Sewer)
  An orc warrior (D:7)
  A sky beast (D:6)
  2 ice beasts (D:7)
  2 black bears
  A kobold brigand (D:8)
  Blork the orc (D:6)
  A bullfrog (D:7)
  3 scorpions
  A necrophage (D:7)
  4 hounds
  3 jellies
  An orc priest (D:3)
  2 iguanas
  5 orc wizards
  6 gnolls
  6 adders
  A shadow imp (D:8)
  3 white imps
  3 worms
  A dart slug (D:1)
  12 orcs
  10 bats
  6 endoplasms
  3 giant cockroaches
  7 goblins
  4 hobgoblins
  6 jackals (D:3)
  16 kobolds
  7 quokkas
  8 ball pythons
  4 frilled lizards
  7 rats
140 creatures vanquished.

Vanquished Creatures (collateral kills)
  A kobold brigand (D:8)
  An orc priest (D:7)
  An orc wizard (D:7)
  A gnoll (D:7)
  2 orcs (D:7)
6 creatures vanquished.

Vanquished Creatures (others)
  2 ancestors (D:7)
2 creatures vanquished.

Grand Total: 148 creatures vanquished

Notes
Turn   | Place    | Note
-------+----------+-------------------------------------------
     0 | D:1      | Avanven the Gnoll Hunter began the quest for the Orb.
     0 | D:1      | Reached XP level 1. HP: 20/20 MP: 1/1
    86 | D:1      | Reached XP level 2. HP: 26/26 MP: 2/2
   383 | D:1      | Reached XP level 3. HP: 31/31 MP: 3/3
   484 | D:2      | Reached skill level 1 in Invocations
   523 | D:2      | Found a faded altar of an unknown god.
   661 | D:2      | Found a radiant altar of Vehumet.
   803 | D:2      | Reached skill level 1 in Short Blades
   803 | D:2      | Reached skill level 1 in Long Blades
   803 | D:2      | Reached skill level 1 in Axes
   803 | D:2      | Reached skill level 1 in Maces & Flails
   803 | D:2      | Reached skill level 1 in Polearms
   803 | D:2      | Reached skill level 1 in Staves
   803 | D:2      | Reached skill level 1 in Throwing
   803 | D:2      | Reached skill level 1 in Armour
   803 | D:2      | Reached skill level 1 in Shields
   803 | D:2      | Reached skill level 1 in Unarmed Combat
   803 | D:2      | Reached skill level 1 in Spellcasting
   803 | D:2      | Reached skill level 1 in Evocations
   814 | D:2      | Reached XP level 4. HP: 38/38 MP: 5/5
  1002 | D:3      | Found a shimmering blue altar of Sif Muna.
  1224 | D:3      | Found a sacrificial altar of Ru.
  1224 | D:3      | Found a white marble altar of Elyvilon.
  1646 | D:3      | Reached skill level 1 in Conjurations
  1646 | D:3      | Reached skill level 1 in Hexes
  1646 | D:3      | Reached skill level 1 in Summonings
  1646 | D:3      | Reached skill level 1 in Necromancy
  1646 | D:3      | Reached skill level 1 in Translocations
  1646 | D:3      | Reached skill level 1 in Transmutations
  1646 | D:3      | Reached skill level 1 in Fire Magic
  1646 | D:3      | Reached skill level 1 in Ice Magic
  1646 | D:3      | Reached skill level 1 in Air Magic
  1646 | D:3      | Reached skill level 1 in Earth Magic
  1646 | D:3      | Reached skill level 1 in Poison Magic
  1738 | D:3      | Reached XP level 5. HP: 30/43 MP: 5/7
  2047 | D:3      | Found a sparkling altar of Nemelex Xobeh.
  2804 | D:4      | Reached XP level 6. HP: 50/50 MP: 8/8
  2937 | D:4      | Found an opulent altar of Gozag.
  3129 | D:5      | Entered Level 5 of the Dungeon
  3129 | D:5      | Found a broken altar of Ashenzari.
  3205 | D:5      | Found a transporter.
  3206 | D:5      | Noticed KamiKatze's ghost (novice DECj)
  3212 | D:5      | Found a transporter.
  3241 | D:5      | Reached skill level 5 in Fighting
  3241 | D:5      | Reached skill level 5 in Dodging
  3618 | D:5      | Found a staircase to the Ecumenical Temple.
  3626 | Temple   | Entered the Ecumenical Temple
  3689 | Temple   | Became a worshipper of Hepliaklqana the Forgotten
  3722 | D:5      | Identified a scroll of acquirement
  3722 | D:5      | Acquired 690 gold pieces
  3767 | D:5      | Found a blossoming altar of Fedhas.
  3786 | D:5      | Noticed a black bear
  3798 | D:5      | Killed a black bear
  3799 | D:5      | Reached XP level 7. HP: 50/56 MP: 10/10
  4264 | D:6      | Found Witipirgh's Magic Scroll Shop.
  4291 | D:6      | Bought a scroll of identify for 28 gold pieces
  4291 | D:6      | Bought a scroll of identify for 28 gold pieces
  4293 | D:6      | Gained mutation: Your spells are a little harder to cast,
                  | but a little more powerful. [potion of mutation]
  4293 | D:6      | Gained mutation: You are weak. (Str -2) [potion of
                  | mutation]
  4293 | D:6      | Gained mutation: You possess an exceptional clarity of
                  | mind. [potion of mutation]
  4507 | D:6      | Reached skill level 9 in Ranged Weapons
  4550 | D:6      | Found a glowing drain.
  4564 | Sewer    | Entered a sewer
  5284 | D:6      | Identified the +10 dagger "Batufave" {antimagic, Str+2}
  5304 | D:6      | Noticed Blork the orc
  5310 | D:6      | Killed Blork the orc
  5326 | D:6      | Noticed Sigmund
  5333 | D:6      | Killed Sigmund
  5334 | D:6      | Reached XP level 8. HP: 59/63 MP: 12/12
  5915 | D:7      | Reached * piety under Hepliaklqana
  6536 | D:7      | Found Muner's Antique Armour Emporium.
  6551 | D:7      | Reached XP level 9. HP: 38/62 MP: 14/14
  7578 | D:8      | Identified the +4 flail of Blue Eternal Vigilance
                  | {antimagic, Int+6}
  7809 | D:8      | Noticed a troll
  7821 | D:8      | Slain by a troll

Illustrated notes

Levels and vault maps discovered:
D:1:      dpeg_arrival_lava_temple_mockup, layout_rooms, hangedman_decor_push,
          solitary_fountain
D:2:      layout_rooms, shapermc_ecumenical_altar_venn, basic_altar
D:3:      layout_loops_ring, nicolae_sif_muna_condensation,
          mainiacjoe_overflow_divided_tiny, nemelex_spade_bored_becter,
          minmay_misc_feat_plants
D:4:      layout_basic, nicolae_gozag_cash_rules_everything_around_me
D:5:      layout_basic, mainiacjoe_overflow_surrounded_room,
          cheibrodos_ashenzari_chains, minmay_temple_entry_junction,
          gammafunk_ghost_smash, minmay_misc_feat_alley, nrook_pool_corridor
D:6:      layout_basic, gup_sewer_entry_pipe, serial_shops,
          nicolae_shop_waterfront, uniq_blork_the_orc, uniq_sigmund
D:7:      layout_rooms, serial_shops, shop_fountains
D:8:      layout_layer_cave, uniq_prince_ribbit1, uniq_erica
Temple:   compressed_dpeg_circular_temple

Skill      XL: |  1  2  3  4  5  6  7  8  9 |
---------------+----------------------------+-----
Invocations    | 1 2 3 4 |  4.6
Short Blades   | 1 2 3 4 |  4.2
Long Blades    | 1 2 3 4 |  4.2
Axes           | 1 2 3 4 |  4.2
Maces & Flails | 1 2 3 4 |  4.2
Polearms       | 1 2 3 4 |  4.2
Staves         | 1 2 3 4 |  4.2
Throwing       | 1 2 3 4 |  4.2
Armour         | 1 2 3 4 |  4.2
Shields        | 1 2 3 4 |  4.2
Unarmed Combat | 1 2 3 4 |  4.2
Spellcasting   | 1 2 3 4 |  4.2
Evocations     | 1 2 3 4 |  4.2
Conjurations   | 1 2 3 |  3.4
Hexes          | 1 2 3 |  3.4
Summonings     | 1 2 3 |  3.4
Necromancy     | 1 2 3 |  3.4
Translocations | 1 2 3 |  3.4
Transmutations | 1 2 3 |  3.4
Fire Magic     | 1 2 3 |  3.4
Ice Magic      | 1 2 3 |  3.4
Air Magic      | 1 2 3 |  3.4
Earth Magic    | 1 2 3 |  3.4
Poison Magic   | 1 2 3 |  3.4
Stealth        | 3 4 |  4.9
Fighting       | 5 6 |  6.3
Dodging        | 5 6 |  6.3
Ranged Weapons | 9 |  9.5

Action                   |  1- 3 |  4- 6 |  7- 9 || total
-------------------------+-------+-------+-------++-------
Melee: Shortbow          |       |     7 |       ||     7
       Bite              |       |     2 |       ||     2
 Fire: Shortbow          |    61 |   199 |   270 ||   530
Invok: Recall Ancestor   |       |       |     1 ||     1
       Ancestor Identity |       |       |     1 ||     1
  Use: Scroll            |       |     7 |     4 ||    11
       Potion            |       |     1 |     4 ||     5
Armor: Leather armour    |     4 |    39 |    37 ||    80
Dodge: Dodged            |     5 |    84 |   104 ||   193
